General information
- name: BNet
- type: Ladder team game (AT/RT)
- host: Battle.net
- saver: HERNaNDO
map: DragonFalls
- players: 8
- length: 24:57
- speed: Fast
- version: 1.21 W3XP
- replay type: Public
» download(180 KB)
Players
team 1 (loser)

»
DirtMcGirt (
green | 35 APM | 885 actions | 24:57)
3 Death Knight
2 Death Coil
1 Unholy Aura
2 Lich
1 Frost Nova
1 Dark Ritual
» actions
| Assign group hotkey | 2 | |
| Basic commands | 1 | |
| Build / train | 49 | |
| Enter build submenu | 13 | |
| Enter hero's abilities submenu | 5 | |
| Give item / drop item | 2 | |
| Remove unit from queue | 10 | |
| Right click | 419 | |
| Select / deselect | 308 | |
| Select group hotkey | 14 | |
| Use ability | 62 | |
885 total
» units
| Acolyte | 7 | |
| Ghoul | 4 | |
| Goblin Zeppelin | 1 | |
| Gargoyle | 2 | |
14 total
» upgrades
» buildings
| Altar of Darkness | 2 | |
| Ziggurat | 10 | |
| Crypt | 1 | |
| Graveyard | 1 | |
| Tomb of Relics | 1 | |
| Nerubian Tower | 4 | |
| Spirit Tower | 5 | |
| Halls of the Dead | 1 | |
| Necropolis | 2 | |
| Black Citadel | 1 | |
28 total
» build order
00:10 Altar of Darkness
00:13 Altar of Darkness
00:16 Ziggurat
00:41 Crypt
01:16 Graveyard
01:23 Tomb of Relics
01:40 Nerubian Tower
03:06 Ziggurat
03:09 Ziggurat
03:12 Ziggurat
03:14 Ziggurat
04:17 Spirit Tower
04:40 Spirit Tower
05:26 Halls of the Dead
05:32 Spirit Tower
06:39 Ziggurat
06:41 Ziggurat
06:42 Ziggurat
06:45 Ziggurat
06:50 Ziggurat
07:50 Nerubian Tower
07:51 Spirit Tower
07:52 Nerubian Tower
07:53 Nerubian Tower
09:39 Necropolis
12:32 Black Citadel
16:02 Necropolis
» items
| Sacrificial Skull | 2 | |
| Rod of Necromancy | 2 | |
| Scroll of Town Portal | 2 | |
6 total
FINeX (
teal | 64 APM | 1552 actions | 24:05)
5 Pandaren Brewmaster
3 Breath of Fire
2 Drunken Brawler
» actions
| Assign group hotkey | 38 | |
| Basic commands | 5 | |
| Build / train | 101 | |
| Enter build submenu | 40 | |
| Enter hero's abilities submenu | 5 | |
| Give item / drop item | 1 | |
| Right click | 560 | |
| Select / deselect | 318 | |
| Select group hotkey | 311 | |
| Use ability | 173 | |
1552 total
» units
| Peasant | 14 | |
| Flying Machine | 25 | |
39 total
» upgrades
| Masonry | 3 | |
| Gunpowder | 3 | |
| Magic Sentry | 1 | |
| Flare | 1 | |
| Fragmentation Shards | 1 | |
| Flying Machine Bombs | 1 | |
| Flak Cannons | 1 | |
| Plating | 3 | |
14 total
» buildings
| Altar of Kings | 1 | |
| Farm | 16 | |
| Lumber Mill | 1 | |
| Scout Tower | 84 | |
| Guard Tower | 40 | |
| Keep | 1 | |
| Blacksmith | 1 | |
| Workshop | 2 | |
| Arcane Sanctum | 1 | |
| Castle | 1 | |
| Arcane Vault | 1 | |
| Town Hall | 1 | |
150 total
» build order
00:05 Altar of Kings
00:07 Farm
00:21 Lumber Mill
00:58 Farm
01:31 Scout Tower
01:33 Scout Tower
01:35 Scout Tower
01:36 Scout Tower
01:51 Scout Tower
01:54 Scout Tower
01:55 Scout Tower
01:57 Scout Tower
02:10 Scout Tower
02:15 Guard Tower
02:21 Guard Tower
02:41 Guard Tower
02:48 Guard Tower
02:58 Guard Tower
03:02 Guard Tower
03:36 Scout Tower
03:37 Scout Tower
04:01 Guard Tower
04:04 Scout Tower
04:05 Scout Tower
04:05 Scout Tower
04:37 Guard Tower
04:39 Scout Tower
04:40 Scout Tower
04:43 Scout Tower
04:44 Scout Tower
04:45 Scout Tower
05:19 Scout Tower
05:20 Scout Tower
05:21 Scout Tower
05:22 Scout Tower
05:26 Scout Tower
05:38 Guard Tower
06:08 Guard Tower
06:10 Guard Tower
06:13 Scout Tower
06:14 Scout Tower
06:15 Scout Tower
06:16 Scout Tower
06:44 Guard Tower
06:47 Scout Tower
06:49 Scout Tower
06:52 Guard Tower
06:54 Keep
07:07 Guard Tower
07:18 Guard Tower
07:21 Scout Tower
07:23 Scout Tower
07:27 Scout Tower
07:29 Scout Tower
07:30 Scout Tower
07:41 Scout Tower
07:42 Scout Tower
07:43 Scout Tower
07:44 Scout Tower
07:45 Scout Tower
07:46 Scout Tower
07:47 Scout Tower
07:48 Scout Tower
07:49 Scout Tower
07:51 Scout Tower
08:02 Scout Tower
08:04 Scout Tower
08:05 Scout Tower
08:06 Scout Tower
08:07 Scout Tower
08:08 Scout Tower
08:10 Scout Tower
08:11 Scout Tower
08:11 Scout Tower
08:12 Scout Tower
08:13 Scout Tower
08:15 Scout Tower
08:15 Scout Tower
08:26 Guard Tower
08:29 Guard Tower
08:50 Guard Tower
08:55 Scout Tower
08:56 Scout Tower
08:57 Scout Tower
08:58 Scout Tower
08:59 Scout Tower
09:24 Guard Tower
09:28 Guard Tower
09:39 Blacksmith
09:48 Guard Tower
10:04 Guard Tower
10:22 Guard Tower
10:32 Guard Tower
10:35 Guard Tower
10:50 Guard Tower
10:54 Guard Tower
11:00 Workshop
11:03 Arcane Sanctum
11:29 Farm
11:31 Guard Tower
11:33 Scout Tower
11:34 Scout Tower
11:44 Scout Tower
11:45 Scout Tower
11:46 Scout Tower
11:46 Scout Tower
12:06 Guard Tower
12:14 Castle
12:28 Arcane Vault
12:33 Guard Tower
12:33 Guard Tower
12:34 Guard Tower
12:41 Guard Tower
12:46 Guard Tower
12:52 Scout Tower
12:53 Scout Tower
12:55 Guard Tower
12:58 Scout Tower
12:59 Scout Tower
13:35 Workshop
13:40 Farm
13:45 Farm
14:35 Farm
14:35 Farm
14:36 Farm
15:10 Farm
18:48 Scout Tower
18:50 Scout Tower
18:51 Scout Tower
18:52 Scout Tower
18:53 Scout Tower
18:54 Scout Tower
18:56 Scout Tower
18:57 Scout Tower
19:16 Guard Tower
19:17 Guard Tower
19:19 Guard Tower
20:01 Guard Tower
20:04 Scout Tower
20:05 Scout Tower
20:06 Scout Tower
21:11 Guard Tower
21:25 Town Hall
22:16 Farm
22:20 Farm
22:21 Farm
22:21 Farm
22:24 Farm
22:26 Farm
22:27 Farm
HERNaNDO (
orange | 29 APM | 720 actions | 24:57)
3 Warden
2 Shadow Strike
1 Blink
» actions
| Assign group hotkey | 5 | |
| Basic commands | 5 | |
| Build / train | 43 | |
| ESC pressed | 1 | |
| Enter build submenu | 16 | |
| Enter hero's abilities submenu | 3 | |
| Remove unit from queue | 1 | |
| Right click | 361 | |
| Select / deselect | 193 | |
| Select group hotkey | 19 | |
| Use ability | 72 | |
720 total
» units
| Wisp | 22 | |
| Hippogryph | 1 | |
| Chimaera | 1 | |
| Green Dragon | 2 | |
26 total
» upgrades
| Ultravision | 1 | |
| Strength of the Wild | 2 | |
| Reinforced Hides | 2 | |
| Nature's Blessing | 1 | |
| Corrosive Breath | 1 | |
| Well Spring | 1 | |
8 total
» buildings
| Altar of Elders | 1 | |
| Moon Well | 12 | |
| Tree of Ages | 1 | |
| Hunter's Hall | 1 | |
| Ancient of Wonders | 1 | |
| Ancient of Wind | 1 | |
| Tree of Eternity | 1 | |
| Chimaera Roost | 2 | |
| Tree of Life | 1 | |
21 total
» build order
00:19 Altar of Elders
00:33 Moon Well
02:28 Moon Well
04:10 Moon Well
04:11 Moon Well
04:12 Moon Well
04:35 Moon Well
04:36 Moon Well
06:11 Tree of Ages
06:31 Moon Well
06:57 Hunter's Hall
07:03 Moon Well
07:12 Moon Well
07:13 Moon Well
08:11 Ancient of Wonders
08:39 Ancient of Wind
09:24 Tree of Eternity
11:02 Moon Well
12:09 Chimaera Roost
12:10 Chimaera Roost
23:18 Tree of Life
» items
| Staff of Teleportation | 1 | |
| Boots of Speed | 1 | |
2 total
VELOX_NEB (
red | 64 APM | 1559 actions | 24:11)
5 Blademaster
2 Wind Walk
3 Critical Strike
» actions
| Assign group hotkey | 8 | |
| Basic commands | 100 | |
| Build / train | 61 | |
| ESC pressed | 7 | |
| Enter build submenu | 41 | |
| Enter hero's abilities submenu | 5 | |
| Give item / drop item | 1 | |
| Right click | 939 | |
| Select / deselect | 231 | |
| Select group hotkey | 13 | |
| Use ability | 153 | |
1559 total
» units
» upgrades
| Liquid Fire | 1 | |
| Ranged Weapons | 1 | |
| Reinforced Defenses | 1 | |
3 total
» buildings
| Altar of Storms | 1 | |
| Orc Burrow | 4 | |
| War Mill | 1 | |
| Watch Tower | 22 | |
| Stronghold | 1 | |
| Voodoo Lounge | 1 | |
| Beastiary | 2 | |
| Fortress | 1 | |
| Great Hall | 1 | |
34 total
» build order
00:09 Altar of Storms
00:23 Orc Burrow
00:30 War Mill
01:54 Watch Tower
01:56 Watch Tower
01:59 Watch Tower
02:15 Watch Tower
02:58 Watch Tower
03:04 Watch Tower
03:48 Watch Tower
03:58 Stronghold
04:06 Watch Tower
04:10 Voodoo Lounge
04:28 Watch Tower
04:33 Orc Burrow
05:10 Watch Tower
05:35 Watch Tower
05:36 Watch Tower
06:00 Watch Tower
06:19 Watch Tower
06:57 Beastiary
06:59 Beastiary
07:01 Fortress
07:07 Watch Tower
07:21 Watch Tower
08:45 Watch Tower
09:53 Orc Burrow
10:59 Orc Burrow
11:01 Watch Tower
12:03 Watch Tower
14:43 Watch Tower
16:03 Watch Tower
16:05 Watch Tower
18:14 Great Hall
» items
| Boots of Speed | 1 | |
| Staff of Teleportation | 1 | |
| Healing Salve | 1 | |
| Lesser Clarity Potion | 2 | |
| Orb of Lightning | 1 | |
6 total
team 2 (winner)
BiO (
blue | 65 APM | 1627 actions | 24:57)
6 Pandaren Brewmaster
3 Breath of Fire
2 Drunken Haze
1 Storm Earth and Fire
» actions
| Assign group hotkey | 13 | |
| Basic commands | 5 | |
| Build / train | 47 | |
| Enter build submenu | 22 | |
| Enter hero's abilities submenu | 6 | |
| Remove unit from queue | 1 | |
| Right click | 1319 | |
| Select / deselect | 161 | |
| Select group hotkey | 8 | |
| Use ability | 45 | |
1627 total
» units
» upgrades
| Strength of the Moon | 1 | |
| Moon Armor | 1 | |
| Abolish Magic | 1 | |
| Strength of the Wild | 2 | |
| Reinforced Hides | 1 | |
6 total
» buildings
| Altar of Elders | 1 | |
| Moon Well | 7 | |
| Hunter's Hall | 1 | |
| Ancient of War | 2 | |
| Tree of Ages | 1 | |
| Ancient Protector | 7 | |
| Ancient of Lore | 2 | |
| Tree of Life | 2 | |
23 total
» build order
00:16 Altar of Elders
00:25 Moon Well
01:39 Hunter's Hall
02:58 Ancient of War
03:01 Ancient of War
03:51 Moon Well
03:54 Moon Well
04:28 Moon Well
07:04 Tree of Ages
07:08 Moon Well
07:12 Moon Well
08:03 Moon Well
09:39 Ancient Protector
09:43 Ancient Protector
09:47 Ancient Protector
09:52 Ancient Protector
10:05 Ancient of Lore
10:33 Ancient of Lore
22:15 Tree of Life
22:17 Ancient Protector
22:19 Ancient Protector
22:22 Ancient Protector
22:27 Tree of Life
BLaCKouT] (
yellow | 56 APM | 1392 actions | 24:57)
6 Pandaren Brewmaster
3 Breath of Fire
2 Drunken Haze
1 Storm Earth and Fire
» actions
| Assign group hotkey | 153 | |
| Build / train | 79 | |
| Enter build submenu | 26 | |
| Enter hero's abilities submenu | 6 | |
| Give item / drop item | 1 | |
| Remove unit from queue | 3 | |
| Right click | 602 | |
| Select / deselect | 251 | |
| Select group hotkey | 214 | |
| Use ability | 57 | |
1392 total
» units
| Wisp | 38 | |
| Huntress | 9 | |
| Goblin Sapper | 4 | |
| Dryad | 6 | |
57 total
» upgrades
| Moon Armor | 1 | |
| Strength of the Moon | 1 | |
| Ultravision | 1 | |
| Strength of the Wild | 2 | |
| Reinforced Hides | 2 | |
7 total
» buildings
| Altar of Elders | 1 | |
| Moon Well | 7 | |
| Hunter's Hall | 1 | |
| Ancient of War | 2 | |
| Tree of Life | 4 | |
| Ancient of Wonders | 1 | |
| Ancient Protector | 4 | |
| Tree of Ages | 1 | |
| Ancient of Lore | 2 | |
23 total
» build order
00:10 Altar of Elders
00:21 Moon Well
01:35 Hunter's Hall
02:22 Ancient of War
02:25 Ancient of War
02:56 Moon Well
04:19 Moon Well
05:13 Tree of Life
05:54 Ancient of Wonders
07:06 Ancient Protector
08:14 Moon Well
08:20 Ancient Protector
08:25 Moon Well
10:42 Ancient Protector
10:49 Ancient Protector
15:47 Tree of Ages
18:21 Tree of Life
18:39 Ancient of Lore
18:41 Ancient of Lore
18:44 Moon Well
19:44 Tree of Life
21:54 Moon Well
22:49 Tree of Life
» items
| Moonstone | 1 | |
| Lesser Clarity Potion | 1 | |
| Dust of Appearance | 1 | |
| Potion of Healing | 1 | |
| Potion of Mana | 1 | |
5 total
Hunter-Killer- (
purple | 50 APM | 1256 actions | 24:57)
5 Pandaren Brewmaster
3 Breath of Fire
2 Drunken Haze
» actions
| Assign group hotkey | 14 | |
| Build / train | 59 | |
| ESC pressed | 2 | |
| Enter build submenu | 19 | |
| Enter hero's abilities submenu | 5 | |
| Remove unit from queue | 1 | |
| Right click | 755 | |
| Select / deselect | 299 | |
| Select group hotkey | 73 | |
| Use ability | 29 | |
1256 total
» units
» upgrades
| Strength of the Wild | 3 | |
| Reinforced Hides | 3 | |
| Corrosive Breath | 1 | |
7 total
» buildings
| Altar of Elders | 1 | |
| Moon Well | 8 | |
| Hunter's Hall | 1 | |
| Ancient of War | 2 | |
| Tree of Ages | 2 | |
| Ancient of Wind | 1 | |
| Tree of Eternity | 2 | |
| Chimaera Roost | 4 | |
| Ancient Protector | 1 | |
| Tree of Life | 1 | |
23 total
» build order
00:12 Altar of Elders
00:19 Moon Well
02:15 Hunter's Hall
02:17 Ancient of War
02:20 Ancient of War
02:46 Moon Well
03:39 Moon Well
03:59 Tree of Ages
03:59 Tree of Ages
06:22 Ancient of Wind
06:23 Tree of Eternity
06:24 Tree of Eternity
07:06 Moon Well
07:11 Moon Well
08:06 Moon Well
08:53 Chimaera Roost
08:57 Chimaera Roost
09:03 Chimaera Roost
09:11 Chimaera Roost
10:20 Moon Well
11:56 Ancient Protector
14:16 Tree of Life
19:53 Moon Well
rED[tP] (
pink | 77 APM | 1931 actions | 24:57)
5 Death Knight
3 Death Coil
2 Unholy Aura
5 Lich
3 Frost Nova
2 Frost Armor
» actions
| Assign group hotkey | 34 | |
| Build / train | 72 | |
| Enter build submenu | 16 | |
| Enter hero's abilities submenu | 10 | |
| Give item / drop item | 7 | |
| Remove unit from queue | 2 | |
| Right click | 1068 | |
| Select / deselect | 400 | |
| Select group hotkey | 226 | |
| Use ability | 96 | |
1931 total
» units
| Acolyte | 2 | |
| Ghoul | 1 | |
| Crypt Fiend | 7 | |
| Frost Wyrm | 10 | |
20 total
» upgrades
| Creature Attack | 3 | |
| Creature Carapace | 3 | |
| Burrow | 1 | |
| Web | 1 | |
| Freezing Breath | 1 | |
9 total
» buildings
| Graveyard | 1 | |
| Crypt | 1 | |
| Altar of Darkness | 1 | |
| Ziggurat | 10 | |
| Tomb of Relics | 1 | |
| Halls of the Dead | 1 | |
| Nerubian Tower | 2 | |
| Black Citadel | 1 | |
| Sacrificial Pit | 1 | |
| Boneyard | 3 | |
| Spirit Tower | 4 | |
26 total
» build order
00:06 Graveyard
00:14 Crypt
00:20 Altar of Darkness
00:22 Ziggurat
00:45 Tomb of Relics
01:15 Ziggurat
03:17 Halls of the Dead
03:41 Ziggurat
04:10 Nerubian Tower
04:42 Ziggurat
05:39 Black Citadel
05:42 Sacrificial Pit
08:03 Boneyard
08:04 Boneyard
08:12 Boneyard
08:14 Spirit Tower
08:15 Spirit Tower
08:44 Ziggurat
08:45 Ziggurat
08:46 Ziggurat
09:53 Spirit Tower
09:57 Spirit Tower
10:04 Nerubian Tower
14:19 Ziggurat
14:21 Ziggurat
15:09 Ziggurat
» items
| Rod of Necromancy | 2 | |
| Potion of Mana | 2 | |
| Dust of Appearance | 1 | |
| Orb of Corruption | 5 | |
| Scroll of Protection | 2 | |
| Scroll of Healing | 3 | |
| Potion of Healing | 1 | |
16 total
Chat log
(00:13 / All) HERNaNDO: timg4strok owns u
(00:20 / All) VELOX_NEB: lol so owned
(00:39 / All) Hunter-Killer-: u guys won cuz my partner dc loll....
(00:45 / All) HERNaNDO: loll
(00:59 / All) VELOX_NEB: your partner left bc he's smarter than you
(01:06 / All) Hunter-Killer-: na dude he dc
(01:10 / All) Hunter-Killer-: cuz is internet got fucked
(01:24 / All) Hunter-Killer-: we had same score as u
(01:29 / All) Hunter-Killer-: and i played 10 min without him
(01:33 / All) HERNaNDO: im not the person who played
(01:36 / All) HERNaNDO: m8
(01:39 / All) rED[tP]: omg stfu already
(05:46 / All) Hunter-Killer-: fucking maphacker
(05:55 / All) Hunter-Killer-: i actually got hernando in my hacker list
(06:03 / All) HERNaNDO: lol
(06:05 / All) FINeX: yeah we couldnt tell u where going pandas by your races
(06:16 / All) BLaCKouT]: or by ur hack?
(06:25 / All) HERNaNDO: u guys are p. pathetic
(06:25 / All) FINeX: yes i can predict tavern hereos with my maphack
(06:33 / All) Hunter-Killer-: u pathetic hernando
(06:35 / All) BLaCKouT]: go back to mexico
(06:37 / All) Hunter-Killer-: fucking need hack to win
(07:44 / All) rED[tP]: thats a lot of towers
(07:48 / All) HERNaNDO: SHUT UP
(08:28 / All) rED[tP]: oops
(08:32 / All) rED[tP]: nice mh
(08:34 / All) rED[tP]: btw
(08:39 / All) VELOX_NEB: ll
(08:43 / All) FINeX: thx i dl it frm shadow french
(08:51 / All) BLaCKouT]: thats nice..
(08:52 / All) rED[tP]: not rufus?
(08:53 / All) BLaCKouT]: no rufus/
(12:48 / All) VELOX_NEB: hunts > towers
(12:50 / All) VELOX_NEB: imo
(12:55 / All) BLaCKouT]: ur pro..
(13:00 / All) VELOX_NEB: no u
(16:08 / All) BLaCKouT]: nice idol peon
(16:14 / All) HERNaNDO: lol idol
(16:21 / All) FINeX: lol american idol lol
(16:25 / All) VELOX_NEB: that's idle fool
(16:36 / All) BLaCKouT]: am im suppose to care why?..
(16:48 / All) VELOX_NEB: i guess uneducated pricks wouldn't
(16:48 / All) HERNaNDO: lol
(16:49 / All) VELOX_NEB: nvm
(16:55 / All) BLaCKouT]: 8th grade
(16:56 / All) BLaCKouT]: suck me
(18:13 / All) rED[tP]: tis the season to be jolly
(18:21 / All) HERNaNDO: :O)
(18:27 / All) FINeX: NO ITS NOT CHRISTMAS IS U FUKKIN TARD
(18:34 / All) rED[tP]: but i like to sing
(20:39 / All) Hunter-Killer-: noob
(20:44 / All) HERNaNDO: youre such a dumbass
(22:29 / All) rED[tP]: oh no
(22:32 / All) rED[tP]: all my frosties
(22:44 / All) HERNaNDO: Lmao thats some funny sarcasm bro A+
(22:53 / All) rED[tP]: ty
(22:58 / Allies) DirtMcGirt: NOT
(23:00 / All) DirtMcGirt: NOT
(23:03 / All) HERNaNDO: owned
(23:06 / All) rED[tP]: yes i realized that
(23:50 / All) BLaCKouT]: no one told u breath of fire owns gyros/
(24:10 / All) BLaCKouT]: gg
(24:16 / All) rED[tP]: where u guys goin?
(24:20 / All) DirtMcGirt: bad game u guys are terrible
(24:24 / All) HERNaNDO: yep
(24:25 / All) BLaCKouT]: okay
(24:25 / All) Hunter-Killer-: LOLL
(24:27 / All) rED[tP]: i dont 4s
(24:29 / All) rED[tP]: like a scrub
(24:40 / All) DirtMcGirt: on the contraryu
(24:44 / All) Hunter-Killer-: LOLLL 123 117 solo
(24:46 / All) Hunter-Killer-: u are terrible stfu
(24:48 / All) DirtMcGirt: wow
(24:52 / All) DirtMcGirt: u looked up my stats?
(24:56 / Allies) DirtMcGirt: what anerd